FSL
ST. LUCIE METS @ DUNEDIN BLUE JAYS
08/20/2099
 
TOP OF THE 1ST
St. Lucie Mets batting - Pitching for Dunedin Blue Jays : RHP Job MacDonald
Pitching: RHP Job MacDonald
Batting: RHB Joe Dahl 0-0: Called Strike
0-1: Foul Ball, location: 23F
0-2: Strikes out swinging
Batting: LHB Victor Vargas 0-0: Swinging Strike
0-1: Ball
1-1: Ball
2-1: Foul Ball, location: 2LF
2-2: Ball
3-2: Foul Ball, location: 2F
3-2: Strikes out swinging, 2-3 out at first.
Batting: RHB Ethan Robinson 0-0: Foul Ball, location: 7LSF
0-1: Ball
1-1: Foul Ball, location: 2F
1-2: Strikes out swinging
Top of the 1st over - 0 runs, 0 hits, 0 errors, 0 left on base; St. Lucie 0 - Dunedin 0
BOTTOM OF THE 1ST
Dunedin Blue Jays batting - Pitching for St. Lucie Mets : RHP Julio Rolon
Pitching: RHP Julio Rolon
Batting: LHB Brandon Garvin 0-0: Foul Ball, location: 2F
0-1: Swinging Strike
0-2: Ball
1-2: Foul Ball, location: 23FF
1-2: Ball
2-2: Ball
3-2: Ground out 4-3 (Groundball, 4S, EV 73.8 MPH)
Batting: RHB Blaine Lyons 0-0: Called Strike
0-1: Ground out 5-3 (Groundball, 25, EV 78.1 MPH)
Batting: LHB Conor Long 0-0: Called Strike
0-1: Ball
1-1: Foul Ball, location: 2F
1-2: Ground out 4-3 (Groundball, 34, EV 100.0 MPH)
Bottom of the 1st over - 0 runs, 0 hits, 0 errors, 0 left on base; St. Lucie 0 - Dunedin 0
TOP OF THE 2ND
St. Lucie Mets batting - Pitching for Dunedin Blue Jays : RHP Job MacDonald
Batting: LHB Jamie Heath 0-0: Called Strike
0-1: Called Strike
0-2: Ball
1-2: Foul Ball, location: 2F
1-2: Ball
2-2: Ball
3-2: Foul Ball, location: 3F
3-2: Foul Ball, location: 5F
3-2: Strikes out swinging
Batting: RHB Alex Wray 0-0: Called Strike
0-1: Ball
1-1: Ball
2-1: Foul Ball, location: 2F
2-2: Ball
3-2: SINGLE (Flyball, 8RS, EV 86.9 MPH)
Batting: LHB Bret Robertson 0-0: Ball
1-0: Fielders Choice at 2nd, 3-6 (Groundball, 3, EV 86.3 MPH)
Batting: RHB Tony Galicia 0-0: Called Strike
0-1: SINGLE (Line Drive, 3D, EV 98.8 MPH)
Bret Robertson to second
Runner from 2nd tries for 3rd, SAFE, no throw by RF
Batting: RHB John Pennell 0-0: Called Strike
0-1: Foul Ball, location: 5DF
0-2: Strikes out swinging
Top of the 2nd over - 0 runs, 2 hits, 0 errors, 2 left on base; St. Lucie 0 - Dunedin 0
BOTTOM OF THE 2ND
Dunedin Blue Jays batting - Pitching for St. Lucie Mets : RHP Julio Rolon
Batting: SHB Luis Solano 0-0: Foul Ball, location: 2F
0-1: Ball
1-1: Swinging Strike
1-2: Ball
2-2: Foul Ball, location: 2F
2-2: Foul Ball, location: 25F
2-2: Strikes out swinging
Batting: LHB Ryan Tribbett 0-0: Foul Ball, location: 2F
0-1: Ground out U3 (Groundball, 3S, EV 65.6 MPH)
Batting: RHB Bill Curtis 0-0: Ball
1-0: Foul Ball, location: 3F
1-1: Foul Ball, location: 3F
1-2: Ground out 6-3 (Groundball, 6, EV 79.4 MPH)
Bottom of the 2nd over - 0 runs, 0 hits, 0 errors, 0 left on base; St. Lucie 0 - Dunedin 0
TOP OF THE 3RD
St. Lucie Mets batting - Pitching for Dunedin Blue Jays : RHP Job MacDonald
Batting: RHB Luis Medina 0-0: Ball
1-0: Fly out, F3 (Popup, 3SF, EV 79.4 MPH)
Batting: RHB Joe Dahl 0-0: Called Strike
0-1: Ball
1-1: Called Strike
1-2: Strikes out swinging
Batting: LHB Victor Vargas 0-0: Ball
1-0: Ball
2-0: Called Strike
2-1: SINGLE (Groundball, 3D, EV 95.6 MPH)
Batting: RHB Ethan Robinson 0-0: Ball
1-0: Foul Ball, location: 5F
1-1: Ball
2-1: Ball
3-1: Called Strike
3-2: Foul Ball, location: 5SF
3-2: Foul Ball, location: 9LDF
3-2: Foul Ball, location: 3DF
3-2: Ground out 6-3 (Groundball, 6, EV 107.5 MPH)
Top of the 3rd over - 0 runs, 1 hit, 0 errors, 1 left on base; St. Lucie 0 - Dunedin 0
BOTTOM OF THE 3RD
Dunedin Blue Jays batting - Pitching for St. Lucie Mets : RHP Julio Rolon
Batting: RHB Ricky Davila 0-0: Ball
1-0: Called Strike
1-1: Fly out, F8 (Flyball, 8LM, EV 85.0 MPH)
Batting: SHB James Parks 0-0: Called Strike
0-1: Ground out 4-3 (Groundball, 4, EV 80.6 MPH)
Batting: RHB Kenny Franks 0-0: Ball
1-0: Called Strike
1-1: Ball
2-1: Fly out, F7 (Flyball, 7, EV 81.3 MPH)
Bottom of the 3rd over - 0 runs, 0 hits, 0 errors, 0 left on base; St. Lucie 0 - Dunedin 0
TOP OF THE 4TH
St. Lucie Mets batting - Pitching for Dunedin Blue Jays : RHP Job MacDonald
Batting: LHB Jamie Heath 0-0: Called Strike
0-1: Foul Ball, location: 7LSF
0-2: Ball
1-2: Strikes out swinging
Batting: RHB Alex Wray 0-0: Foul Ball, location: 2F
0-1: Called Strike
0-2: Ball
1-2: Ball
2-2: SINGLE (Groundball, 4D, EV 94.4 MPH)
Batting: LHB Bret Robertson 0-0: Ball
1-0: Foul Ball, location: 2F
1-1: Ball
2-1: Called Strike
2-2: SINGLE (Line Drive, 6M, EV 97.5 MPH)
Alex Wray to second
Batting: RHB Tony Galicia 0-0: SINGLE (Line Drive, 8RS, EV 105.0 MPH)
Alex Wray to third
Bret Robertson to second
Runner from 3rd tries for Home, SAFE, throw by CF to home
Batting: RHB John Pennell 0-0: Ball
1-0: Foul Ball, location: 3SF
1-1: Called Strike
1-2: Fly out, F5 (Popup, 56, EV 73.1 MPH)
Batting: RHB Luis Medina 0-0: Ball
1-0: Foul Ball, location: 2F
1-1: Ball
2-1: Fly out, F3 (Line Drive, 34, EV 71.9 MPH)
Top of the 4th over - 1 run, 3 hits, 0 errors, 2 left on base; St. Lucie 1 - Dunedin 0
BOTTOM OF THE 4TH
Dunedin Blue Jays batting - Pitching for St. Lucie Mets : RHP Julio Rolon
Batting: LHB Brandon Garvin 0-0: Ball
1-0: Foul Ball, location: 2F
1-1: Fly out, F8 (Flyball, 89S, EV 79.4 MPH)
Batting: RHB Blaine Lyons 0-0: Ball
1-0: Ball
2-0: Ball
3-0: Base on Balls
Batting: LHB Conor Long 0-0: SINGLE (Line Drive, 4D, EV 105.0 MPH)
Blaine Lyons to second
Batting: SHB Luis Solano 0-0: Foul Ball, location: 2F
0-1: Ball
1-1: Ball
2-1: Foul Ball, location: 7LSF
2-2: Foul Ball, location: 3F
2-2: Ball
3-2: Grounds into double play, 6-4-3 (Groundball, 6, EV 91.9 MPH)
Bottom of the 4th over - 0 runs, 1 hit, 0 errors, 1 left on base; St. Lucie 1 - Dunedin 0
TOP OF THE 5TH
St. Lucie Mets batting - Pitching for Dunedin Blue Jays : RHP Job MacDonald
Batting: RHB Joe Dahl 0-0: Foul Ball, location: 25FF
0-1: Foul Ball, location: 2F
0-2: Foul Ball, location: 9LMF
0-2: Ball
1-2: Ball
2-2: Foul Ball, location: 5FF
2-2: Ground out 5-3 (Groundball, 56, EV 86.9 MPH)
Batting: LHB Victor Vargas 0-0: Called Strike
0-1: Called Strike
0-2: Ball
1-2: Ball
2-2: Strikes out looking
Batting: RHB Ethan Robinson 0-0: Called Strike
0-1: Ball
1-1: Foul Ball, location: 9LDF
1-2: Ball
2-2: Strikes out swinging
Top of the 5th over - 0 runs, 0 hits, 0 errors, 0 left on base; St. Lucie 1 - Dunedin 0
BOTTOM OF THE 5TH
Dunedin Blue Jays batting - Pitching for St. Lucie Mets : RHP Julio Rolon
Batting: LHB Ryan Tribbett 0-0: Called Strike
0-1: Ball
1-1: Foul Ball, location: 5SF
1-2: SINGLE (Groundball, 6S, EV 71.9 MPH) (infield hit)
Batting: RHB Bill Curtis 0-0: Called Strike
0-1: Ball
1-1: Ball
2-1: Fly out, F7 (Flyball, 78M, EV 94.4 MPH)
Batting: RHB Ricky Davila 0-0: Ball
1-0: Called Strike
1-1: Ball
2-1: Ball
3-1: Base on Balls
Ryan Tribbett to second
Batting: SHB James Parks 0-0: Ball
1-0: Grounds into double play, 4-6-3 (Groundball, 4, EV 100.0 MPH)
Bottom of the 5th over - 0 runs, 1 hit, 0 errors, 1 left on base; St. Lucie 1 - Dunedin 0
TOP OF THE 6TH
St. Lucie Mets batting - Pitching for Dunedin Blue Jays : RHP Job MacDonald
Pitching: LHP Victor Castorena
Batting: LHB Jamie Heath 0-0: Called Strike
0-1: Ball
1-1: Foul Ball, location: 9LDF
1-2: Ball
2-2: Ball
3-2: Foul Ball, location: 3DF
3-2: Foul Ball, location: 2F
3-2: Fly out, F9 (Flyball, 9D, EV 108.1 MPH)
Batting: RHB Alex Wray 0-0: Ball
1-0: Called Strike
1-1: Ball
2-1: Ball
3-1: Ground out 6-3 (Groundball, 6, EV 98.8 MPH)
Batting: LHB Bret Robertson 0-0: Ball
1-0: Ball
2-0: Foul Ball, location: 7LSF
2-1: Swinging Strike
2-2: SINGLE (Groundball, 34D, EV 98.8 MPH)
Batting: RHB Tony Galicia 0-0: Ball
1-0: Called Strike
1-1: Fly out, F7 (Flyball, 7S, EV 84.4 MPH)
Top of the 6th over - 0 runs, 1 hit, 0 errors, 1 left on base; St. Lucie 1 - Dunedin 0
BOTTOM OF THE 6TH
Dunedin Blue Jays batting - Pitching for St. Lucie Mets : RHP Julio Rolon
Batting: RHB Kenny Franks 0-0: Ball
1-0: Fly out, F8 (Line Drive, 8LD, EV 85.6 MPH)
Batting: LHB Brandon Garvin 0-0: Ball
1-0: Foul Ball, location: 7LDF
1-1: Foul Ball, location: 7LDF
1-2: Ball
2-2: Foul Ball, location: 7LSF
2-2: Ball
3-2: DOUBLE (Line Drive, 8RXD, EV 109.4 MPH)
Batting: RHB Blaine Lyons 0-0: Ball
1-0: Called Strike
1-1: Ball
2-1: Ball
3-1: Called Strike
3-2: SINGLE (Line Drive, 9S, EV 85.6 MPH)
Brandon Garvin to third
Batting: LHB Conor Long 0-0: Foul Ball, location: 2F
0-1: Ball
1-1: Foul Ball, location: 7LSF
1-2: Foul Ball, location: 7LDF
1-2: Foul Ball, location: 9LMF
1-2: Ball
2-2: Reached on error, E4 (Groundball, 4, EV 90.6 MPH)
Brandon Garvin scores
Blaine Lyons to second
Batting: SHB Luis Solano 0-0: Foul Ball, location: 3F
0-1: Called Strike
0-2: Ball
1-2: Fly out, F8 (Flyball, 89D, EV 105.0 MPH)
Batting: LHB Ryan Tribbett 0-0: Ground out 4-3 (Groundball, 4, EV 75.6 MPH)
Bottom of the 6th over - 1 run, 2 hits, 1 error, 2 left on base; St. Lucie 1 - Dunedin 1
TOP OF THE 7TH
St. Lucie Mets batting - Pitching for Dunedin Blue Jays : LHP Victor Castorena
Batting: RHB John Pennell 0-0: Swinging Strike
0-1: Foul Ball, location: 2F
0-2: Ball
1-2: Strikes out swinging
Batting: RHB Luis Medina 0-0: Ball
1-0: Ball
2-0: Ball
3-0: Called Strike
3-1: Foul Ball, location: 3FF
3-2: Strikes out swinging
Batting: RHB Joe Dahl 0-0: Foul Ball, location: 25FF
0-1: Ball
1-1: Foul Ball, location: 2F
1-2: Strikes out swinging
Top of the 7th over - 0 runs, 0 hits, 0 errors, 0 left on base; St. Lucie 1 - Dunedin 1
BOTTOM OF THE 7TH
Dunedin Blue Jays batting - Pitching for St. Lucie Mets : RHP Julio Rolon
Batting: RHB Bill Curtis 0-0: Ball
1-0: Ball
2-0: Ground out 2-3 (Groundball, 13S, EV 66.9 MPH)
Pitching: LHP Mike Knoblock
Batting: RHB Ricky Davila 0-0: Ball
1-0: Ball
2-0: Called Strike
2-1: Ground out 6-3 (Groundball, 56, EV 102.5 MPH)
Batting: SHB James Parks 0-0: Ball
1-0: Called Strike
1-1: Ball
2-1: Foul Ball, location: 3DF
2-2: Strikes out swinging
Bottom of the 7th over - 0 runs, 0 hits, 0 errors, 0 left on base; St. Lucie 1 - Dunedin 1
TOP OF THE 8TH
St. Lucie Mets batting - Pitching for Dunedin Blue Jays : LHP Victor Castorena
Batting: LHB Victor Vargas 0-0: Called Strike
0-1: Ball
1-1: Foul Ball, location: 23F
1-2: Ground out 4-3 (Groundball, 4, EV 79.4 MPH)
Batting: RHB Ethan Robinson 0-0: Foul Ball, location: 9LMF
0-1: Ball
1-1: Ball
2-1: Ball
3-1: Swinging Strike
3-2: Strikes out swinging
Pinch Hitting: RHB Ron Ferrero 0-0: Called Strike
0-1: SINGLE (Groundball, 4D, EV 98.1 MPH)
Pitching: LHP Aaron Crum
Batting: RHB Alex Wray 0-0: Hit by Pitch
Ron Ferrero to second
Batting: LHB Bret Robertson 0-0: Called Strike
0-1: Foul Ball, location: 2F
0-2: Foul Ball, location: 2F
0-2: Ball
1-2: Fielders Choice at 2nd, 5-4 (Groundball, 56, EV 98.8 MPH)
Top of the 8th over - 0 runs, 1 hit, 0 errors, 2 left on base; St. Lucie 1 - Dunedin 1
BOTTOM OF THE 8TH
Dunedin Blue Jays batting - Pitching for St. Lucie Mets : LHP Mike Knoblock
Pitching: RHP Donovan Presley
Now at 1B: Jon Chavez
Batting: RHB Kenny Franks 0-0: Ball
1-0: SINGLE (Line Drive, 8RS, EV 105.6 MPH)
Batting: LHB Brandon Garvin 0-0: Ball
1-0: SINGLE (Line Drive, 6D, EV 100.0 MPH)
Kenny Franks to second
Batting: RHB Blaine Lyons 0-0: Called Strike
0-1: Bunted foul
0-2: Ball
1-2: Ball
2-2: Ball
3-2: Foul Ball, location: 9LSF
3-2: Foul Ball, location: 2F
3-2: Foul Ball, location: 2F
3-2: Foul Ball, location: 2RF
3-2: Foul Ball, location: 9LMF
3-2: Base on Balls
Kenny Franks to third
Brandon Garvin to second
Batting: LHB Conor Long 0-0: Swinging Strike
0-1: Ball
1-1: Ball
2-1: Called Strike
2-2: Foul Ball, location: 25F
2-2: Strikes out swinging
Batting: SHB Luis Solano 0-0: Ball
1-0: Ball
2-0: Called Strike
2-1: Ball
3-1: Foul Ball, location: 9LSF
3-2: Strikes out swinging
Pitching: LHP Jason Webb
Pinch Hitting: RHB Steve Jones 0-0: Ball
1-0: Foul Ball, location: 5F
1-1: Ball
2-1: DOUBLE (Line Drive, 8RXD, EV 104.4 MPH)
Kenny Franks scores
Brandon Garvin scores
Blaine Lyons to third
Pitching: RHP Mike Brown
Batting: RHB Bill Curtis 0-0: Called Strike
0-1: Ball
1-1: Ball
2-1: Ball
3-1: Ground out 6-3 (Groundball, 6, EV 87.5 MPH)
Bottom of the 8th over - 2 runs, 3 hits, 0 errors, 2 left on base; St. Lucie 1 - Dunedin 3
TOP OF THE 9TH
St. Lucie Mets batting - Pitching for Dunedin Blue Jays : LHP Aaron Crum
Now in LF: Jesse Fobes
Batting: RHB Tony Galicia 0-0: Fly out, F3 (Popup, 3F, EV 68.8 MPH)
Batting: RHB John Pennell 0-0: Ball
1-0: Foul Ball, location: 3SF
1-1: Called Strike
1-2: Foul Ball, location: 2F
1-2: Fly out, F6 (Popup, 6MD, EV 61.3 MPH)
Batting: RHB Luis Medina 0-0: Ground out 6-3 (Groundball, 6, EV 89.4 MPH)
Top of the 9th over - 0 runs, 0 hits, 0 errors, 0 left on base; St. Lucie 1 - Dunedin 3
Wednesday, May 15th , 2024 - OOTP Baseball 24.11 Build 85